Map: King's Cove LE

Players

Thraith

  • Race: Zerg Zerg
  • League: Gold
  • Spawn Location: 5:00

GangusKaun - Winner!

  • Race: Protoss Protoss
  • League: Gold
  • Spawn Location: 11:00

VOD

Have the link to the VOD?

Description

Time

  • Played on: Dec. 6, 2024, 3:36 p.m.
  • Length: 11:15
Show
View Real Time Build Order
Export as new Build Order

Thraith Zerg 

Build Orders: Pool First 

Get SALT Encoding   

  12  0:01  Drone  
  13  0:10  Drone  
  14  0:19  Overlord  
  14  0:38  Drone x3  
  17  0:48  Spawning Pool  
  16  0:50  Extractor  
  16  0:52  Drone  
  16  1:04  Drone  
  17  1:12  Drone  
  18  1:21  Drone  
  19  1:27  Hatchery  
  18  1:33  Drone  
  19  1:44  Overlord  
  19  1:50  Queen  
  21  1:57  Metabolic Boost  
  22  2:01  Zergling x2  
  22  2:10  Drone  
  22  2:14  Extractor  
  22  2:16  Drone  
  23  2:42  Queen  
  25  2:47  Roach Warren  
  25  2:48  Drone  
  25  2:49  Drone x2  
  28  2:51  Drone x2  
  29  3:05  Zergling x4  
  31  3:11  Queen  
  33  3:14  Drone  
  34  3:30  Lair  
  34  3:39  Drone x2  
  36  3:47  Burrow  
  36  3:48  Overlord x2  
  36  3:55  Evolution Chamber  
  35  4:00  Evolution Chamber  
  34  4:11  Drone  
  34  4:12  Drone x4  
  38  4:40  Spore Crawler  
  38  4:45  Spore Crawler  
  35  4:47  Drone  
  35  4:48  Drone x2  
  37  4:55  Hydralisk Den  
  37  4:56  Zerg Missile Weapons Level 1  
  37  4:57  Zerg Ground Armor Level 1  
  36  5:02  Drone x4  
  36  5:03  Drone x2  
  42  5:16  Overlord x2  
  42  5:17  Glial Reconstitution  
  42  5:19  Roach  
  44  5:36  Roach x6  
  56  5:43  Extractor  
  56  5:46  Extractor  
  54  5:52  Grooved Spines  
  54  5:53  Overlord x2  
  54  5:54  Hydralisk  
  56  6:08  Drone  
  56  6:09  Drone x7  
  56  6:10  Drone  
  65  6:15  Overseer x2  
  65  6:36  Hatchery  
  64  6:49  Drone x3  
  64  6:50  Drone x2, Overlord  
  64  6:51  Overlord  
  69  7:16  Roach x4, Hydralisk x3  
  69  7:18  Overlord  
  83  7:54  Spore Crawler  
  83  7:55  Spore Crawler  
  81  8:03  Roach  
  81  8:04  Hydralisk x2, Roach, Overlord x2  
  81  8:05  Hydralisk  
  91  8:08  Drone x5  
  91  8:09  Drone  
  97  8:15  Queen, Spore Crawler  
  98  8:23  Queen  
  98  8:25  Overlord x4  
  100  8:38  Drone  
  100  8:39  Drone x3  
  104  8:47  Overlord  
  104  8:48  Hydralisk  
  106  8:51  Zerg Missile Weapons Level 2  
  106  8:52  Zerg Ground Armor Level 2  
  104  9:00  Pneumatized Carapace  
  104  9:05  Infestation Pit  
  103  9:12  Extractor  
  103  9:14  Hydralisk x2, Extractor  
  103  9:15  Roach x2, Hydralisk x4  
  117  9:45  Drone x8  
  125  10:14  Hatchery  
  124  10:24  Overlord x5  
  124  10:26  Roach x2, Hydralisk x6  
Show
View Real Time Build Order
Export as new Build Order

GangusKaun Protoss - Winner!

Build Orders: 1 Gate Expand, Oracle Opening 

Get SALT Encoding   

  12  0:00  Probe  
  13  0:19  Pylon  
  13  0:20  Probe  
  14  0:39  Gateway  
  14  0:44  Assimilator  
  14  0:46  Probe  
  15  1:00  Probe  
  16  1:12  Probe  
  16  1:24  Probe  
  17  1:30  Nexus  
  17  1:36  Probe  
  18  1:47  Cybernetics Core  
  18  1:50  Probe  
  19  1:59  Pylon  
  19  2:02  Assimilator  
  19  2:03  Probe  
  20  2:19  Warp Gate  
  20  2:20  Probe  
  21  2:27  Adept  
  23  2:32  Probe  
  24  2:43  Probe  
  24  2:44  Probe  
  26  2:55  Probe  
  27  3:07  Probe x2, Stargate  
  27  3:11  Adept  
  31  3:16  Gateway  
  31  3:25  Probe x2  
  32  3:37  Probe  
  32  3:40  Probe  
  34  3:49  Probe  
  34  3:52  Assimilator, Probe  
  36  3:56  Pylon  
  36  3:58  Oracle  
  36  4:01  Probe  
  37  4:04  Probe  
  41  4:13  Probe  
  41  4:16  Assimilator, Shield Battery  
  42  4:20  Probe  
  42  5:08  Adept x2  
  42  5:11  Probe  
  51  5:15  Void Ray  
  51  5:24  Probe  
  51  5:28  Nexus  
  52  5:31  Pylon  
  52  5:32  Twilight Council  
  52  5:34  Pylon  
  52  5:36  Forge, Probe x2  
  52  5:37  Gateway  
  54  5:44  Forge  
  54  5:50  Gateway  
  54  5:58  Pylon  
  54  5:59  Oracle  
  54  6:01  Pylon  
  57  6:13  Probe  
  57  6:14  Probe  
  59  6:29  Gateway x2  
  59  6:31  Gateway  
  59  6:32  Gateway  
  59  6:35  Pylon  
  59  6:36  Pylon  
  59  6:37  Probe x2, Pylon  
  59  6:39  Shield Battery  
  61  6:42  Oracle  
  64  6:54  Charge  
  64  6:55  Probe, Protoss Ground Weapons Level 1  
  64  6:56  Probe  
  64  7:00  Probe  
  67  7:08  Probe  
  68  7:14  Templar Archives  
  68  7:25  Protoss Air Weapons Level 1, Zealot x6  
  80  7:46  Probe x2  
  80  7:48  Phoenix  
  81  8:05  Probe x2  
  83  8:09  Robotics Facility  
  83  8:11  Robotics Facility  
  83  8:13  Phoenix  
  83  8:14  Assimilator  
  83  8:16  Assimilator  
  83  8:17  Zealot, Shield Battery  
  83  8:18  Zealot x6  
  99  8:22  Shield Battery  
  99  8:42  Shield Battery  
  99  8:46  Photon Cannon  
  99  8:50  Photon Cannon  
  99  8:51  Photon Cannon  
  99  9:09  Probe  
  101  9:10  Probe  
  101  9:11  High Templar x2  
  101  9:12  High Templar x5  
  101  9:15  Immortal  
  101  9:16  Immortal  
  123  9:30  Robotics Bay, Pylon  
  123  9:34  Photon Cannon x2  
  123  9:41  Probe x2  
  125  9:48  Probe  
  126  9:57  Probe x2  
  126  9:59  Archon  
  124  10:01  Archon x2  
  124  10:05  Immortal  
  124  10:06  Immortal  
  132  10:14  Gravitic Boosters  
  132  10:17  Pylon  
  132  10:22  Pylon  
  132  10:24  Pylon  
  132  10:35  Phoenix  
  134  10:42  High Templar x5  
  142  10:43  High Templar  
Tags
 
Add a new tag
Caveats
  • Supply blocks, unpowered buildings, or Contaminate may cause inaccurate times.
  • Supply counts are checked every 10 seconds.